 Dungeon Crawl Stone Soup version 0.30-a0-341-g682706514a (webtiles) character file.

Game seed: 9323708344341573

11 sanka the Caller (level 2, 0/20 HPs)
             Began as a Demigod Summoner on Nov 4, 2022.
             Slain by a jackal (3 damage)
             ... on level 1 of the Dungeon.
             The game lasted 00:01:19 (424 turns).

sanka the Caller (Demigod Summoner)                  Turns: 424, Time: 00:01:19

Health: 0/20       AC:  2    Str:  9    XL:     2   Next: 3%
Magic:  4/7        EV: 12    Int: 17    God:
Gold:   0          SH:  0    Dex: 14    Spells: 2/5 levels left

rFire   . . .      SeeInvis .    (no weapon)
rCold   . . .      Faith    .    (no shield)
rNeg    . . .      Spirit   .    a - +0 robe
rPois   .          Reflect  .    (no helmet)
rElec   .          Harm     .    (no cloak)
rCorr   .          Rampage  .    (no gloves)
Will    .....                    (no boots)
Stlth   ++........               (no amulet)
HPRegen 0.23/turn                (no ring)
MPRegen 0.10/turn                (no ring)

@: very slightly contaminated
A: high MP 1, forlorn, divine attributes
a: no special abilities


You were on level 1 of the Dungeon.
You visited 1 branch of the dungeon, and saw 1 of its levels.


Innate Abilities, Weirdness & Mutations

You have an increased reservoir of magic. (+10% MP)
You shall have no god before yourself.
Your divine heritage dramatically boosts your attributes as you level up.


   Skills:
 - Level 1.7 Dodging
 - Level 1.7 Stealth
 - Level 2.0 Spellcasting
 + Level 4.0 Summonings


You had 2 spell levels left.
You knew the following spells:

 Your Spells              Type           Power      Damage    Failure   Level
x - Call Imp              Summ           15%        N/A       5%          2
z - Summon Small Mammal   Summ           60%        N/A       3%          1

Your spell library contained the following spells:

 Spells                   Type           Power      Damage    Failure   Level
 Call Canine Familiar     Summ           15%        N/A       11%         3
 Summon Guardian Golem    Hex/Summ       8%         N/A       26%         3
 Summon Lightning Spire   Summ/Air       8%         N/A       63%         4

Inventory:

Armour
 a - a +0 robe (worn)
Potions
 b - a potion of magic
 c - 2 potions of heal wounds {unknown}

Dungeon Overview and Level Annotations

Branches:
Dungeon (1/15)

...........▒.!.
..▒▒........▒▒▒▒..
.▒▒▒..▒▒▒▒▒).....▒▒
▒▒ ▒...K
▒...▒....▒▒▒▒
▒.▒▒▒..£.........>▒▒
..▒ ............. ▒▒▒
...........▒
.....5K..r.▒
......hp..▒ .
....▒▒K..▒▒▒ . ▒
▒▒....▒▒ ▒▒▒▒?.▒ ▒▒.▒
▒ ▒▒▒▒▒▒▒▒▒▒▒▒▒▒.▒ ▒
▒▒▒▒▒.............▒▒
▒▒▒..).>....~▒▒▒▒▒▒▒▒
....▒▒▒▒.▒~~~~▒▒▒


You could see a jackal, 2 kobolds, a friendly crimson imp (summoned) and a
friendly rat (summoned).


Message History

The kobold closely misses you.
You hit the kobold.
The kobold is moderately wounded.
The jackal bites you. The kobold hits you with a +0 dagger.
The jackal bites you.
* * * LOW HITPOINT WARNING * * *
You miss the kobold.
The kobold is moderately wounded.
The jackal completely misses you. The kobold hits you with a +0 dagger.
* * * LOW HITPOINT WARNING * * *
Unknown command.
The jackal bites you.
* * * LOW HITPOINT WARNING * * *
The kobold hits you with a +0 short sword.
* * * LOW HITPOINT WARNING * * *
The kobold completely misses you.
Your crimson imp misses the kobold.
Unknown command.
You miscast Summon Small Mammal.
You are very lightly contaminated with residual magic.
Nothing appears to happen.
The jackal bites you but does no damage.
The kobold hits you with a +0 short sword.
* * * LOW HITPOINT WARNING * * *
The kobold hits you with a +0 dagger.
* * * LOW HITPOINT WARNING * * *
The jackal bites you.
You die...

Action                   || total
-------------------------++-------
Melee: Unarmed           ||    44
 Cast: Summon Small Mamm ||    17
       Call Imp          ||     2
 Stab: Distracted        ||     1
Armor: Robe              ||     8
Dodge: Dodged            ||    50

Levels and vault maps discovered:
D:1:      mushboom_english_gardens, layout_rooms,
          chequers_serial_rivers_large_b, chequers_garden

Notes
Turn   | Place    | Note
-------+----------+-------------------------------------------
     0 | D:1      | sanka the Demigod Summoner began the quest for the Orb.
     0 | D:1      | Reached XP level 1. HP: 14/14 MP: 5/5
   157 | D:1      | Reached skill level 2 in Spellcasting
   282 | D:1      | Reached skill level 4 in Summonings
   282 | D:1      | Reached XP level 2. HP: 12/20 MP: 5/7
   316 | D:1      | Learned a level 2 spell: Call Imp
   424 | D:1      | Slain by a jackal

Vanquished Creatures (collateral kills)
  A dart slug (D:1)
  A giant cockroach (D:1)
  A hobgoblin (D:1)
  A jackal (D:1)
  A ball python (D:1)
  3 kobolds (D:1)
  A rat (D:1)
9 creatures vanquished.
